 Dungeon Crawl Stone Soup version 0.30-a0-1160-g6e42c06551 (webtiles) character file.

Game seed: 12578699802544621197

23 BlueFish the Ducker (level 2, 0/21 HPs)
             Began as an Octopode Fighter on Apr 27, 2023.
             Slain by an endoplasm (3 damage)
             ... on level 2 of the Dungeon.
             The game lasted 00:01:41 (791 turns).

BlueFish the Ducker (Octopode Fighter)               Turns: 791, Time: 00:01:42

Health: 0/21       AC:  1    Str: 15    XL:     2   Next: 95%
Magic:  2/2        EV: 13    Int: 10    God:
Gold:   84         SH:  4    Dex: 11    Spells: 1/1 levels left

rFire   . . .        a - +0 whip
rCold   . . .        k - +0 buckler
rNeg    . . .        (helmet restricted)
rPois   .            (no amulet)
rElec   .            (no ring)
rCorr   .            (no ring)
SInv    .            (no ring)
Will    .....        (no ring)
Stlth   +++          (no ring)
HPRegen 0.23/turn    (no ring)
MPRegen 0.08/turn    (no ring)
                     (no ring)

%: no passive effects
@: no status effects
A: almost no armour, amphibious, 8 rings, camouflage 1, gelatinous body 1,
(nimble swimmer 1), tentacles
a: no special abilities


You were on level 2 of the Dungeon.
You visited 1 branch of the dungeon, and saw 2 of its levels.

You collected 84 gold pieces.

Inventory:

Hand Weapons
 a - a +0 whip (weapon)
 b - a +0 sling
 g - a +0 flail
Missiles
 e - 14 stones (quivered)
 f - 4 boomerangs
Armour
 k - a +0 buckler (worn)
Scrolls
 h - a scroll of magic mapping {unknown}
 i - a scroll of poison {unknown}
 j - 2 scrolls of identify {unknown}
 n - a scroll of enchant armour {unknown}
Potions
 c - a potion of might
 d - a potion of heal wounds {unknown}
 l - a potion of curing {unknown}
 m - 2 potions of haste {unknown}


   Skills:
 + Level 3.1 Fighting
 + Level 2.1 Maces & Flails
 + Level 0.4 Throwing
 + Level 3.1 Dodging
 * Level 2.0 Stealth
 + Level 3.1 Shields


You had one spell level left.
You didn't know any spells.
Your spell library was empty.

Dungeon Overview and Level Annotations

Branches:
Dungeon (2/15)

Altars:


Innate Abilities, Weirdness & Mutations

You cannot wear most types of armour.
You are amphibious.
You can wear up to eight rings at the same time.
Your skin changes colour to match your surroundings (Stealth+).
Your rubbery body absorbs attacks. (AC +1, EV +1)
((You are camouflaged when in or above water. (Stealth+)))
You have tentacles for arms and can constrict up to eight enemies at once.


Message History

You see here a ball python corpse.
n - a scroll labelled XETSOR FAVU You see here a ball python corpse.
You see here a +0 dagger.
Done exploring.
(D) Dungeon
Where to? (? - help)
There is a stone staircase leading down here.
You climb downwards.
The hobgoblin shouts!
Found a viscous green potion.
There is a stone staircase leading up here.
There are monsters nearby!
You shoot a sling bullet. The kobold shouts!
The sling bullet hits the kobold.
The kobold is moderately wounded.
You shoot a sling bullet.
The sling bullet closely misses the kobold.
a - a +0 whip (weapon)
The kobold hits you with a +0 dagger.
You barely miss the kobold. Your grab misses the kobold.
The kobold is moderately wounded.
The kobold hits you with a +0 dagger.
You hit the kobold but do no damage. Your grab misses the kobold.
Your squeeze misses the kobold.
The kobold is moderately wounded.
The endoplasm hits you. The kobold hits you with a +0 dagger.
You hit the endoplasm but do no damage. The endoplasm barely misses you.
The kobold hits you with a +0 dagger. The kobold attacks as you move away!
The kobold hits you with a +0 dagger.
* * * LOW HITPOINT WARNING * * *
The endoplasm attacks as you move away! You block the endoplasm's attack.
The endoplasm attacks as you move away! You block the endoplasm's attack.
You barely miss the endoplasm. You squeeze the endoplasm.
The endoplasm is moderately wounded.
The hobgoblin hits you.
* * * LOW HITPOINT WARNING * * *
The endoplasm hits you.
You die...

### .. ... .
#.. .# #.. ##.
## #.. .. ..
#.. .#.#
.##!#..###...#
.......@JK...#
.##.####g#...#
..........#
###.#..#####
#.#....
..##.#.# ...
.... ### ##...


You could see an endoplasm, a hobgoblin and a kobold.

Vanquished Creatures
  An endoplasm (D:1)
  A giant cockroach (D:1)
  3 goblins (D:1)
  2 hobgoblins (D:1)
  2 jackals (D:1)
  3 kobolds (D:1)
  A quokka (D:1)
  3 ball pythons (D:1)
  A frilled lizard (D:1)
  3 rats (D:1)
20 creatures vanquished.

Notes
Turn   | Place    | Note
-------+----------+-------------------------------------------
     0 | D:1      | BlueFish the Octopode Fighter began the quest for the Orb.
     0 | D:1      | Reached XP level 1. HP: 16/16 MP: 1/1
   106 | D:1      | Reached skill level 1 in Stealth
   106 | D:1      | Reached XP level 2. HP: 18/21 MP: 2/2
   791 | D:2      | Slain by an endoplasm

Illustrated notes

Levels and vault maps discovered:
D:1:      shiori_arrival_oz, layout_loops_ring, corexii_leaking_fountain,
          minmay_ruptured
D:2:      layout_basic, minmay_cupped

Skill      XL: |  1  2 |
---------------+-------+-----
Stealth        | 1 2 |  2.0
Fighting       | |  3.1
Maces & Flails | |  2.1
Throwing       | |  0.4
Dodging        | |  3.1
Shields        | |  3.1

Action                     || total
---------------------------++-------
  Melee: Flail             ||    16
         Constrict         ||     6
         Whip              ||    13
         Tentacles         ||     3
   Fire: Sling             ||    10
   Stab: Sleeping          ||     8
 Armour: Skin              ||     1
  Dodge: Dodged            ||    10
  Block: Buckler           ||     5

Table legend: (Time is in decaauts)
 A = Elapsed time spent in this place.
 B = Non-inter-level travel time spent in this place.
 C = Inter-level travel time spent in this place.
 D = Time resting spent in this place.
 E = Time spent auto-exploring this place.
 F = Levels seen in this place.
 G = Mean time per level.
                   A        B        C        D        E       F      G
               +--------+--------+--------+--------+--------+-----+--------+
         Total |    796 |    774 |     22 |      0 |    619 |   2 |  398.0 |
       Dungeon |    796 |    774 |     22 |      0 |    619 |   2 |  398.0 |
               +--------+--------+--------+--------+--------+-----+--------+

Top non-repeatable levels by time:
     D:1: 787 daAuts
     D:2: 9 daAuts
